 Dungeon Crawl Stone Soup version 0.30.1-3-gfc49f6343a (webtiles) character file.

Game seed: 2401457501548581787

4668 sampeng1 the Cleaver (level 10, -7/92 HPs)
             Began as a Minotaur Berserker on July 30, 2023.
             Was an Elder of Trog.
             Mangled by SweetJohnnyV's ghost (9 damage)
             ... on level 7 of the Dungeon.
             The game lasted 00:20:06 (6186 turns).

sampeng1 the Cleaver (Minotaur Berserker)           Turns: 6186, Time: 00:20:06

Health: -7/92      AC: 11    Str: 26    XL:     10   Next: 20%
Magic:  9/9        EV: 11    Int:  4    God:    Trog [****..]
Gold:   452        SH:  5    Dex: 10    Spells: 9/9 levels left

rFire   . . .        p - +0 war axe
rCold   . . .        (no shield)
rNeg    . . .        u - +0 chain mail
rPois   .            (helmet restricted)
rElec   .            r - scarf {repulsion}
rCorr   .            (no gloves)
SInv    .            (no boots)
Will    .....        k - amulet of reflection Stlth
                     n - +4 ring of slaying
HPRegen 0.35/turn    (no ring)
MPRegen 0.11/turn

%: repel missiles, reflection
@: on berserk cooldown, slowed, very slow
A: horns 2, retaliatory headbutt
a: Renounce Religion, Berserk, Trog's Hand, Brothers in Arms


You were on level 7 of the Dungeon.
You worshipped Trog.
Trog was greatly pleased with you.
You visited 1 branch of the dungeon, and saw 7 of its levels.
You also visited: Sewer.

You collected 452 gold pieces.

Inventory:

Hand Weapons
 p - a +0 war axe (weapon)
 s - a +0 club
Missiles
 e - 21 poisoned darts (quivered)
Armour
 r - a scarf of repulsion (worn)
 u - a +0 chain mail (worn)
Jewellery
 f - an amulet of magic regeneration
 k - an amulet of reflection (around neck)
 n - a +4 ring of slaying (left hand)
Wands
 q - a wand of paralysis (7)
 v - a wand of polymorph (4)
 A - a wand of flame (9)
Scrolls
 a - 4 scrolls of teleportation
 g - a scroll of poison
 l - a scroll of fear
 m - 2 scrolls of magic mapping
 t - a scroll of enchant weapon {unknown}
 w - a scroll of noise {unknown}
 y - a scroll of amnesia {unknown}
 z - a scroll of blinking {unknown}
 D - a scroll of identify
 E - a scroll of fog
Potions
 b - 8 potions of curing
 c - 2 potions of magic
 d - 3 potions of lignification
 h - 2 potions of heal wounds
 i - a potion of attraction
 j - a potion of invisibility
 o - 3 potions of might
 x - 2 potions of resistance {unknown}
 B - a potion of flight {unknown}
 C - a potion of haste {unknown}


   Skills:
 + Level 9.7 Fighting
 + Level 9.7 Axes
 + Level 9.4 Armour
 + Level 8.5 Dodging


You had 9 spell levels left.
You didn't know any spells.
Your spell library was empty.

Dungeon Overview and Level Annotations

Branches:
Dungeon (7/15)             Temple (0/1) D:6           Sewer (visited)

Altars:
Ashenzari
Fedhas
Makhleb
Ru
Sif Muna
Trog
Zin

Annotations:
D:7 SweetJohnnyV's ghost, novice MiBe


Innate Abilities, Weirdness & Mutations

You have a pair of horns on your head.
You reflexively headbutt those who attack you in melee.


Message History

The orc warrior barely misses you.
You barely miss the orc warrior.
The orc warrior is severely wounded.
You are no longer berserk.
You are exhausted.
You feel yourself slow down. The orc warrior closely misses you.
You completely miss SweetJohnnyV's ghost.
You barely miss the orc warrior. You hit the orc warrior.
The moth of wrath goads the orc warrior on!
The orc warrior goes berserk!
The orc warrior misses you. You furiously retaliate!
You headbutt the orc warrior!
SweetJohnnyV's ghost completely misses you.
The orc warrior complains noisily, as Orcs often do.
The orc warrior closely misses you. SweetJohnnyV's ghost misses you.
The orc warrior barely misses you. You furiously retaliate!
You headbutt the orc warrior!
You hit SweetJohnnyV's ghost but do no damage.
Your headbutt misses SweetJohnnyV's ghost.
You hit the orc warrior but do no damage.
You barely miss the orc warrior.
The orc warrior hits you with a +0 scimitar!
The orc warrior hits you with a +0 dire flail of flaming!
The orc warrior burns you. SweetJohnnyV's ghost hits you!
The orc warrior barely misses you. You furiously retaliate!
You headbutt the orc warrior!
You kill the orc warrior!
Trog accepts your kill.
The orc warrior hits you but does no damage.
You hit SweetJohnnyV's ghost. You punch SweetJohnnyV's ghost.
SweetJohnnyV's ghost is lightly damaged.
You hit the orc warrior but do no damage.
You hit the moth of wrath. The moth of wrath bites you!
SweetJohnnyV's ghost hits you!
* * * LOW HITPOINT WARNING * * *
The orc warrior barely misses you. You furiously retaliate!
You headbutt the orc warrior. The moth of wrath bites you!
* * * LOW HITPOINT WARNING * * *
The orc warrior closely misses you. You furiously retaliate!
You headbutt the orc warrior! SweetJohnnyV's ghost hits you!
You die...

####### ##.....##
...©... ##### #####
###.©.#
###...####..##.....#
†..###.##...#..o@###
#.## ##.#..##..yWo≈#
..# #.#..#.......#
#.##
##.#..#..##._...
##.###.##..#.#
≈...##.
##....##..##.###.#≈
# ####.#.##...#
.#...##
............## ....#
.
........#....###Oy.#
...


You could see a moth of wrath, 2 orc warriors and SweetJohnnyV's ghost.

Vanquished Creatures
  A gargoyle (D:5)
  The ghost of sampeng1 the Trooper, an amateur MiBe of Trog (D:4)
  The ghost of Bronimir the Slasher, an amateur HuBe of Trog (D:4)
  The ghost of booth the Ducker, an amateur DjFE (D:4)
  The ghost of GrumpyGrim72 the Magician, an amateur OpHW (D:4)
  Sigmund (D:6)
  4 yaks (D:7)
  Menkaure (D:7)
  5 water moccasins
  A sky beast (D:7)
  3 ice beasts
  2 orc warriors (D:7)
  3 black bears
  3 ogres
  The ghost of Bronimir the Poker, an amateur MfGl (D:4)
  A phantom (D:4)
  4 scorpions
  A jelly (D:5)
  An orc priest (D:5)
  7 hounds
  A sleepcap (D:5)
  4 iguanas
  An orc wizard (D:5)
  A hell rat (Sewer)
  A mummy (D:6)
  Robin (D:3)
  4 gnolls (D:4)
  5 adders
  4 river rats
  3 shadow imps
  A white imp (D:5)
  2 worms (D:2)
  3 dart slugs
  15 orcs
  10 endoplasms
  5 giant cockroaches
  10 goblins
  14 hobgoblins
  4 jackals
  7 kobolds
  6 quokkas
  7 ball pythons
  7 bats
  4 frilled lizards
  2 kobold zombies (D:6)
  2 orc zombies (D:6)
  7 rats
174 creatures vanquished.

Notes
Turn   | Place    | Note
-------+----------+-------------------------------------------
     0 | D:1      | sampeng1 the Minotaur Berserker began the quest for the
                  | Orb.
     0 | D:1      | Reached XP level 1. HP: 19/19 MP: 0/0
   140 | D:1      | Reached XP level 2. HP: 24/27 MP: 1/1
   354 | D:1      | Reached ** piety under Trog
   387 | D:1      | Reached XP level 3. HP: 30/33 MP: 2/2
  1164 | D:2      | Reached XP level 4. HP: 40/40 MP: 3/3
  1416 | D:2      | Reached *** piety under Trog
  1704 | D:3      | Found a faded altar of an unknown god.
  1804 | D:3      | Noticed Robin
  1809 | D:3      | Reached XP level 5. HP: 47/47 MP: 4/4
  1814 | D:3      | Killed Robin
  1859 | D:3      | Found a glowing drain.
  1872 | Sewer    | Entered a sewer
  2191 | D:3      | Found a shimmering blue altar of Sif Muna.
  2314 | D:4      | Found a blossoming altar of Fedhas.
  2334 | D:4      | Reached skill level 5 in Fighting
  2334 | D:4      | Reached skill level 5 in Axes
  2334 | D:4      | Reached XP level 6. HP: 50/56 MP: 5/5
  2915 | D:4      | Found a runed translucent gate.
  2915 | D:4      | Found a runed translucent gate.
  2916 | D:4      | Found a runed translucent gate.
  2918 | D:4      | Noticed booth's ghost (amateur DjFE)
  2918 | D:4      | Noticed sampeng1's ghost (amateur MiBe)
  2918 | D:4      | Noticed GrumpyGrim72's ghost (amateur OpHW)
  2918 | D:4      | Noticed Bronimir's ghost (amateur HuBe)
  2920 | D:4      | Noticed Bronimir's ghost (amateur MfGl)
  2926 | D:4      | Killed Bronimir's ghost
  2930 | D:4      | Killed booth's ghost
  2930 | D:4      | Reached **** piety under Trog
  2931 | D:4      | Reached skill level 5 in Armour
  2931 | D:4      | Reached XP level 7. HP: 39/62 MP: 6/6
  2932 | D:4      | Killed Bronimir's ghost
  2933 | D:4      | Reached skill level 5 in Dodging
  2933 | D:4      | Killed sampeng1's ghost
  2934 | D:4      | Reached XP level 8. HP: 42/71 MP: 7/7
  2936 | D:4      | Killed GrumpyGrim72's ghost
  3145 | D:4      | Found a burning altar of Makhleb.
  3147 | D:4      | Found a glowing silver altar of Zin.
  3147 | D:4      | Noticed an angel
  3147 | D:4      | Noticed a balrug
  3620 | D:5      | Entered Level 5 of the Dungeon
  3906 | D:5      | Noticed a gargoyle
  3918 | D:5      | Killed a gargoyle
  3919 | D:5      | Reached XP level 9. HP: 27/81 MP: 8/8
  4788 | D:6      | Noticed Sigmund
  4794 | D:6      | Killed Sigmund
  4839 | D:6      | Found a staircase to the Ecumenical Temple.
  5496 | D:7      | Found a broken altar of Ashenzari.
  5568 | D:7      | Reached XP level 10. HP: 80/91 MP: 9/9
  5666 | D:7      | Found a sacrificial altar of Ru.
  5710 | D:7      | Noticed Menkaure
  5712 | D:7      | Killed Menkaure
  5773 | D:7      | Reached ***** piety under Trog
  5937 | D:7      | Found a bloodstained altar of Trog.
  6169 | D:7      | Found a transporter.
  6174 | D:7      | Found a bloodstained altar of Trog.
  6174 | D:7      | Noticed a two-headed ogre
  6174 | D:7      | Noticed SweetJohnnyV's ghost (novice MiBe)
  6175 | D:7      | Noticed a moth of wrath
  6186 | D:7      | HP: 2/92 [moth of wrath (17)]
  6186 | D:7      | Mangled by SweetJohnnyV's ghost

Illustrated notes

Levels and vault maps discovered:
D:1:      amcnicky_arrival_choice, layout_basic, minmay_pentomino_w2
D:2:      layout_rooms, serial_forest, infiniplex_forest_straight_2,
          infiniplex_forest_clump_curved, infiniplex_forest_diagonal,
          infiniplex_forest_clump_cross, infiniplex_forest_pool
D:3:      layout_rooms, marbit_many_paths, basic_ecumenical_altar,
          portal_sewer_entry_b, uniq_robin
D:4:      minmay_diamond_boxcup, layout_basic,
          grunt_temple_overflow_order_and_chaos_2, fedhas_ov_isle_minmay,
          gammafunk_ghost_cemetery, saegor_snake_ambush
D:5:      layout_basic, minmay_small_thing
D:6:      layout_gridville, minmay_temple_entry_overgrown, minmay_misc_feat_chi,
          palyth_stone_intersect, minmay_misc_feat_more_columns,
          minmay_mini_ossuary, uniq_sigmund
D:7:      layout_loops_ring, ashenzari_altar_1, nicolae_ru_the_path_less_chosen,
          trog_butcher_becter, gammafunk_ghost_wrathful_warriors, uniq_menkaure

Skill      XL: |  1  2  3  4  5  6  7  8  9 |
---------------+----------------------------+-----
Fighting       | 4 5 6 8 9 |  9.7
Axes           | 4 5 6 8 9 |  9.7
Armour         | 3 4 5 6 7 9 |  9.4
Dodging        | 3 4 5 6 8 |  8.5

Action                     |  1- 3 |  4- 6 |  7- 9 | 10-12 || total
---------------------------+-------+-------+-------+-------++-------
  Melee: Hand axe          |   101 |    49 |       |       ||   150
         Headbutt          |    10 |    14 |    33 |     3 ||    60
         Punch             |     1 |       |     2 |     1 ||     4
         War axe           |       |    67 |   127 |    29 ||   223
 Invoke: Berserk           |       |     2 |       |     1 ||     3
    Use: Scroll            |     4 |     5 |     5 |       ||    14
         Potion            |     2 |       |     2 |       ||     4
 Armour: Scale mail        |    47 |    27 |    15 |       ||    89
         Animal skin       |     2 |       |       |       ||     2
         Chain mail        |       |       |    33 |     8 ||    41
  Dodge: Dodged            |    46 |    61 |    77 |    21 ||   205
         Repelled          |       |       |     3 |       ||     3
  Block: Other             |     3 |    30 |    29 |     2 ||    64
         Reflection        |       |       |     3 |       ||     3
